 Dungeon Crawl Stone Soup version 0.26-a0-1129-gc5df7fbe6a (webtiles) character file.

Game seed: 3251148529315016556

12588 elky the Basher (level 11, 0/101 HPs)
             Began as a Minotaur Berserker on Dec 3, 2020.
             Was a High Priest of Trog.
             Slain by a basilisk (3 damage)
             ... while petrified by a basilisk
             ... on level 2 of the Lair of Beasts on Dec 18, 2020.
             The game lasted 02:41:53 (11822 turns).

elky the Basher (Minotaur Berserker)               Turns: 11822, Time: 02:41:54

Health: 0/101      AC: 16    Str: 22    XL:     11   Next: 64%
Magic:  3/3        EV:  2    Int:  4    God:    Trog [*****.]
Gold:   320        SH:  0    Dex: 13    Spells: 10/10 levels left

rFire    . . .     SeeInvis .   r - +5 demon blade (antimagic)
rCold    . . .     Faith    +   U - +0 tower shield {reflect}
rNeg     + + +     Spirit   .   O - +0 plate armour
rPois    ∞         Reflect  +   (helmet restricted)
rElec    .         Harm     .   L - +0 cloak
rCorr    +         Rampage  .   (no gloves)
Will     .....                  (no boots)
Stlth    ..........             t - amulet of faith
HPRegen  0.26/turn              I - ring of resist corrosion
MPRegen  0.08/turn              (no ring)

@: petrified, berserk cooldown, slowed
A: retaliatory headbutt, horns 2
a: Renounce Religion, Berserk, Trog's Hand, Brothers in Arms


You were on level 2 of the Lair of Beasts.
You worshipped Trog.
Trog was extremely pleased with you.
You visited 3 branches of the dungeon, and saw 12 of its levels.

You collected 512 gold pieces.
You spent 192 gold pieces at shops.

Inventory:

Hand Weapons
 g - a +3 war axe of freezing
 p - a +2 dagger of venom
 q - the +0 mace "Cokos" {speed, rN+}
   (You bought it in a shop on level 7 of the Dungeon)

   Attacks with this weapon are significantly faster.
   It protects you from negative energy.
 r - a +5 antimagic demon blade (weapon)
 y - a +0 vorpal great sword
 Q - a +2 falchion of holy wrath
Missiles
 c - 165 stones
 k - 116 arrows
 o - 27 poisoned darts
 G - 56 bolts
 K - 16 boomerangs
 X - 18 sling bullets
Armour
 b - a +2 pair of boots
 j - +0 steam dragon scales
 D - a +0 helmet
 F - a +1 ring mail of positive energy
 L - a +0 cloak (worn)
 O - a +0 plate armour (worn)
 T - a +0 ring mail
 U - a +0 tower shield of reflection (worn)
Jewellery
 t - an amulet of faith (around neck)
 H - an uncursed amulet of regeneration {unknown}
 I - a ring of resist corrosion (left hand)
 J - an uncursed amulet of magic regeneration {unknown}
 Y - an uncursed ring of positive energy {unknown}
Wands
 s - a wand of digging (5)
 V - a wand of disintegration (12)
Scrolls
 a - a scroll of random uselessness {unknown}
 e - 4 scrolls of magic mapping {unknown}
 f - 3 scrolls of identify
 l - a scroll of fog {unknown}
 n - 3 scrolls of fear {unknown}
 u - 3 scrolls of immolation {unknown}
 v - 3 scrolls of enchant armour {unknown}
 x - 2 scrolls of enchant weapon {unknown}
 B - 8 scrolls of teleportation
 E - a scroll of vulnerability {unknown}
 M - 2 scrolls of noise {unknown}
 S - 5 scrolls of remove curse {unknown}
 W - a scroll of silence {unknown}
Potions
 d - 5 potions of curing {unknown}
 h - 2 potions of mutation {unknown}
 i - 4 potions of lignification {unknown}
 m - a potion of berserk rage {unknown}
 w - 3 potions of brilliance {unknown}
 z - 3 potions of degeneration {unknown}
 A - 2 potions of heal wounds {unknown}
 C - 2 potions of haste {unknown}
 N - a potion of attraction {unknown}
 P - 3 potions of might {unknown}
 R - a potion of invisibility {unknown}
 Z - a potion of cancellation {unknown}


   Skills:
 + Level 10.4 Fighting
 + Level 5.8 Long Blades
 + Level 5.3(10.0) Axes
 + Level 12.9(13.3) Maces & Flails
 + Level 11.4 Armour
 + Level 4.7 Dodging
 + Level 1.5 Stealth
 + Level 4.7 Shields


You had 10 spell levels left.
You didn't know any spells.
Your spell library contained the following spells:

 Spells                   Type           Power        Failure   Level
 Animate Skeleton         Necr           0%           100%        1
 Apportation              Tloc           0%           100%        1
 Corona                   Hex            0%           100%        1
 Magic Dart               Conj           0%           100%        1
 Pain                     Necr           0%           100%        1
 Summon Small Mammal      Summ           0%           100%        1
 Blink                    Tloc           N/A          100%        2
 Call Imp                 Summ           0%           100%        2
 Slow                     Hex            0%           100%        2
 Conjure Flame            Conj/Fire      0%           100%        3
 Mephitic Cloud           Conj/Pois/Air  0%           100%        3
 Vampiric Draining        Necr           0%           100%        3
 Animate Dead             Necr           0%           100%        4
 Agony                    Necr           0%           100%        5


Dungeon Overview and Level Annotations

Branches:
Dungeon (9/15)             Temple (1/1) D:5            Lair (2/6) D:9
  Swamp: Lair:2-4    Shoals: Lair:2-4     Snake: Lair:2-4    Spider: Lair:2-4
    Orc: D:9-12

Altars:
Ashenzari
Dithmenos
Elyvilon
Fedhas
Gozag
Kikubaaqudgha
Makhleb
Nemelex Xobeh
Okawaru
Qazlal
Ru
Sif Muna
Trog
Uskayaw
Vehumet
Wu Jian
Xom
Yredelemnul
Zin
The Shining One

Shops:
D:4 =   D:7 (

Annotations:
D:3 1 runed translucent door, petercordia's ghost, amateur PaDe


Innate Abilities, Weirdness & Mutations

You reflexively headbutt those who attack you in melee.
You have a pair of horns on your head.


Message History

The komodo dragon bites you! The basilisk gazes at you.
You are slowing down.
The komodo dragon bites you!!
* * * LOW HITPOINT WARNING * * *
The basilisk bites you.
* * * LOW HITPOINT WARNING * * *
Your limbs are stiffening.
The komodo dragon bites you!
* * * LOW HITPOINT WARNING * * *
The komodo dragon bites you but does no damage.
The basilisk gazes at you. You resist with some effort.
You have turned to stone.
The komodo dragon bites you but does no damage.
The basilisk bites you!
* * * LOW HITPOINT WARNING * * *
The komodo dragon bites you!!
* * * LOW HITPOINT WARNING * * *
The basilisk bites you!
You die...

.#.#..##P......
....... .......
....... ....P..
....... ....
.[.....###.#
#..⌠.##
##.....#
#.⌠†<.⌠#
##...@.#
##†ll## ##†##
#......#
#...⌠...#
#.(.......#
#..⌠..<..⌠..#
#.............#
.......⌠.......


You could see a komodo dragon and a basilisk.

Vanquished Creatures
  Erolcha (D:9)
  4 black mambas
  4 cane toads
  2 komodo dragons
  A rime drake (Lair:1)
  Maggie (D:8)
  3 blink frogs (Lair:1)
  Sigmund (D:2)
  2 wyverns
  Grum (D:9)
  22 yaks
  2 basilisks (Lair:1)
  2 water moccasins
  Duvessa (D:6)
  3 orc warriors
  A sky beast (D:8)
  An ogre (D:6)
  A necrophage (D:6)
  A centaur (D:4)
  7 wolves
  8 bullfrogs
  A gnoll sergeant (D:6)
  Dowan (D:6)
  4 scorpions
  3 wights (D:6)
  4 killer bees (D:7)
  2 howler monkeys
  2 jellies
  2 bullfrog zombies
  7 orc priests
  3 hounds
  A bullfrog skeleton (D:4)
  A gnoll shaman (D:5)
  6 orc wizards
  Ijyb (D:4)
  Natasha (twice) (D:1)
  4 worker ants
  A worker ant zombie (D:8)
  9 gnolls
  8 adders
  A shadow imp (D:7)
  3 white imps
  4 ufetubi
  An adder zombie (D:6)
  2 oozes (D:1)
  An adder skeleton (D:5)
  3 dart slugs
  A worm (D:4)
  3 leopard geckos
  22 orcs
  A ball python (D:3)
  5 bats
  6 giant cockroaches
  2 goblins
  9 hobgoblins
  9 jackals
  3 quokkas
  4 frilled lizards
  A jackal skeleton (D:8)
  2 kobolds (D:1)
  A leopard gecko zombie (D:5)
  A quokka zombie (D:5)
  2 rats (D:1)
  2 butterflies (D:5)
220 creatures vanquished.

Vanquished Creatures (others)
  An orc wizard (D:6)
  4 fungi
  38 plants
  10 toadstools (D:4)
53 creatures vanquished.

Grand Total: 273 creatures vanquished

Notes
Turn   | Place    | Note
-------+----------+-------------------------------------------
     0 | D:1      | elky the Minotaur Berserker began the quest for the Orb.
     0 | D:1      | Reached XP level 1. HP: 19/19 MP: 0/0
   494 | D:1      | Reached skill level 4 in Maces & Flails
   494 | D:1      | Reached XP level 2. HP: 27/27 MP: 1/1
  1298 | D:2      | Reached XP level 3. HP: 31/33 MP: 2/2
  1395 | D:2      | Noticed Natasha
  1563 | D:1      | Killed Natasha
  1609 | D:1      | Noticed Natasha
  1617 | D:1      | Killed Natasha
  1618 | D:1      | Reached skill level 5 in Maces & Flails
  1618 | D:1      | Reached XP level 4. HP: 41/41 MP: 3/3
  1772 | D:2      | Noticed Sigmund
  1783 | D:2      | Killed Sigmund
  1783 | D:2      | Reached ** piety under Trog
  1784 | D:2      | Reached skill level 5 in Fighting
  1784 | D:2      | Reached XP level 5. HP: 48/48 MP: 4/4
  2056 | D:2      | Found an iron altar of Okawaru.
  2229 | D:3      | Reached XP level 6. HP: 52/56 MP: 5/5
  2240 | D:3      | Reached skill level 6 in Maces & Flails
  2434 | D:3      | Found a runed translucent door.
  2437 | D:3      | Noticed petercordia's ghost (amateur PaDe)
  2831 | D:4      | Found Cimnai's Jewellery Shoppe.
  3249 | D:4      | Found a blossoming altar of Fedhas.
  3307 | D:4      | Reached XP level 7. HP: 55/62 MP: 6/6
  3527 | D:4      | Noticed Ijyb
  3529 | D:4      | Reached skill level 1 in Stealth
  3544 | D:4      | Reached skill level 7 in Maces & Flails
  3553 | D:4      | Killed Ijyb
  3968 | D:5      | Entered Level 5 of the Dungeon
  4002 | D:5      | Found a staircase to the Ecumenical Temple.
  4031 | D:5      | Reached *** piety under Trog
  4494 | D:4      | Reached skill level 5 in Armour
  4951 | Temple   | Entered the Ecumenical Temple
  5211 | D:6      | Reached skill level 8 in Maces & Flails
  5217 | D:6      | Reached XP level 8. HP: 60/71 MP: 7/7
  5455 | D:6      | Reached **** piety under Trog
  5554 | D:6      | Noticed Dowan
  5555 | D:6      | Noticed Duvessa
  5565 | D:6      | Killed Dowan
  5571 | D:6      | Killed Duvessa
  6123 | D:6      | Reached skill level 9 in Maces & Flails
  6134 | D:6      | Found an ancient bone altar of Kikubaaqudgha.
  6139 | D:6      | Got an ichor-stained robe
  6599 | D:6      | Upgraded the game from 0.26-a0-966-gd078a86f14 to
                  | 0.26-a0-969-g2c58977ddd
  6839 | D:7      | Reached skill level 1 in Axes
  6882 | D:7      | Found Eruomuna's Antique Weapon Shoppe.
  6914 | D:7      | Bought a dazzling mace for 192 gold pieces
  6914 | D:7      | Identified the +0 mace "Cokos" {speed, rN+} (You bought it
                  | in a shop on level 7 of the Dungeon)
  6941 | D:7      | Reached XP level 9. HP: 81/81 MP: 8/8
  6956 | D:7      | Found an ornate altar of the Wu Jian Council.
  6975 | D:7      | Found a stormy altar of Qazlal.
  7743 | D:8      | Noticed Maggie
  7759 | D:8      | Killed Maggie
  7866 | D:8      | Reached ***** piety under Trog
  8113 | D:8      | Reached skill level 5 in Axes
  8302 | D:8      | Reached skill level 10 in Maces & Flails
  8414 | D:8      | Upgraded the game from 0.26-a0-969-g2c58977ddd to
                  | 0.26-a0-1129-gc5df7fbe6a
  8424 | D:8      | Found a glowing silver altar of Zin.
  9114 | D:9      | Noticed Erolcha
  9140 | D:9      | Killed Erolcha
  9141 | D:9      | Reached XP level 10. HP: 72/91 MP: 9/9
  9285 | D:9      | Noticed Grum
  9299 | D:9      | Reached skill level 11 in Maces & Flails
  9319 | D:9      | Killed Grum
  9595 | D:9      | Found a staircase to the Lair.
  9845 | Lair:1   | Entered Level 1 of the Lair of Beasts
  9886 | Lair:1   | Reached skill level 10 in Armour
  9920 | Lair:1   | Noticed a cane toad
  9930 | Lair:1   | Killed a cane toad
 10061 | Lair:1   | Reached skill level 12 in Maces & Flails
 10206 | Lair:1   | Noticed a black mamba
 10216 | Lair:1   | Killed a black mamba
 10248 | Lair:1   | Reached skill level 1 in Shields
 10248 | Lair:1   | Reached XP level 11. HP: 74/99 MP: 10/10
 10270 | Lair:1   | Received a gift from Trog
 11027 | Lair:1   | Reached skill level 1 in Long Blades
 11038 | Lair:1   | Reached skill level 10 in Fighting
 11802 | Lair:2   | Reached skill level 5 in Long Blades
 11822 | Lair:2   | HP: 3/101 [komodo dragon (11)]
 11822 | Lair:2   | Slain by a basilisk

Illustrated notes

Levels and vault maps discovered:
D:1:      roderic_crossed_star, layout_loops_ring, serial_bayou,
          serial_bayou_pond_c, serial_bayou_shore_b, serial_bayou_lake_a,
          serial_bayou_crossing, minmay_hexomino_f4
D:2:      layout_loops_cross, grunt_temple_overflow_growth_and_decay,
          lemuel_crystal_altar, hangedman_abyss_or_decor_stabs, uniq_natasha,
          uniq_sigmund
D:3:      layout_basic, ebering_ghost_reflecting_pool
D:4:      cheibrodos_fertilizer, layout_loops_ring, serial_shops, shop,
          fedhas_ov_isle_minmay, uniq_ijyb
D:5:      layout_cave_pools, amethyst_overflow_temple_binary,
          minmay_temple_entry_butterflies, eino_tiny_chamber
D:6:      layout_cave_pods, basic_altar, uniq_crazy_yiuf_cottage, uniq_duvessa
D:7:      layout_cave_pods, kennysheep_little_box,
          nicolae_qazlal_general_emergency, serial_shops, shop
D:8:      layout_rooms, zin_treasury, uniq_maggie
D:9:      layout_loops_corners, david_lair_shrubbed, hiddenorc2_lemuel,
          kennysheep_cross_bottleneck, serial_bayou_lagoon_a,
          chequers_serial_rivers_small_3, lemuel_mausoleum_altar_yredelemnul,
          uniq_grum, uniq_erolcha
Temple:   eino_temple_lava
Lair:1:   layout_gridlike, serial_bayou_shore_a
Lair:2:   layout_gridlike, grunt_megastairs_3, infiniplex_staircase_pool_2,
          minmay_lair_oklob_chamber

Skill      XL: |  1  2  3  4  5  6  7  8  9 10 11 |
---------------+----------------------------------+-----
Maces & Flails | 4 5 6 8 9 10 12 | 12.9
Fighting       | 4 5 6 8 9 10 | 10.4
Armour         | 3 4 5 7 9 10 11 | 11.4
Dodging        | 3 4 |  4.7
Stealth        | 1 |  1.5
Axes           | 1 5 |  5.3
Shields        | 1 4 |  4.7
Long Blades    | 5 |  5.8

Action                   |  1- 3 |  4- 6 |  7- 9 | 10-12 || total
-------------------------+-------+-------+-------+-------++-------
Melee: Mace              |    70 |    68 |   369 |   158 ||   665
       Headbutt          |    13 |    12 |    92 |    61 ||   178
       War axe           |       |       |    26 |       ||    26
       Demon blade       |       |       |       |    99 ||    99
Invok: Berserk           |     4 |     3 |     8 |    11 ||    26
  Use: Scroll            |       |     3 |     4 |     3 ||    10
 Stab: Distracted        |       |       |     1 |       ||     1
Armor: Animal skin       |     1 |       |       |       ||     1
       Leather armour    |    12 |     3 |       |       ||    15
       Plate armour      |       |    39 |   225 |    99 ||   363
Dodge: Dodged            |    47 |    44 |   139 |    56 ||   286
Block: Tower shield      |       |       |       |   105 ||   105
       Reflection        |       |       |       |     1 ||     1
       Rpst.: Demon blade |       |       |       |     8 ||     8

Table legend: (Time is in decaauts)
 A = Elapsed time spent in this place.
 B = Non-inter-level travel time spent in this place.
 C = Inter-level travel time spent in this place.
 D = Time resting spent in this place.
 E = Time spent auto-exploring this place.
 F = Levels seen in this place.
 G = Mean time per level.
                   A        B        C        D        E       F      G
               +--------+--------+--------+--------+--------+-----+--------+
         Total |  12103 |  12100 |      3 |   4419 |      7 |  12 | 1008.6 |
       Dungeon |  10018 |  10015 |      3 |   3497 |      7 |   9 | 1113.1 |
        Temple |     66 |     66 |      0 |      0 |      0 |   1 |   66.0 |
          Lair |   2017 |   2017 |      0 |    922 |      0 |   2 | 1008.5 |
               +--------+--------+--------+--------+--------+-----+--------+

Top non-repeatable levels by time:
  Lair:1: 1852 daAuts
     D:6: 1748 daAuts
     D:1: 1597 daAuts
     D:9: 1394 daAuts
     D:4: 1370 daAuts
     D:3: 1011 daAuts
     D:7: 827 daAuts
     D:5: 736 daAuts
     D:8: 691 daAuts
     D:2: 641 daAuts
  Lair:2: 165 daAuts
  Temple: 66 daAuts
